AoeStats
← kelvin1999

Hill Fort

506271706Analyzed
2v2 RM · 21d ago on Sep 13, 2026· 66m 30s· 4 players
Game mode
Random Map
Map size
Medium (4 player)
Population
200
Speed
Normal
Resources
Standard
Victory
Conquest
Starting age
Dark Age
Ending age
Imperial Age
RankedLock teamsTeams togetherTeam positionsShared explorationLock speedFull tech treeHidden civsTurbo modeCheats
Victory
Defeat
🇳🇱 Romans · Netherlands
650
+16
🇳🇱 Persians · Netherlands
647
+16
🇵🇪 Inca · Peru
702
-19
586
-13
SNIPER
12:40 Feudal Age
13:18 Gold Mining
13:13 Horse Collar
13:21 Double-Bit Axe
13:25 Loom
20:09 Castle Age
22:42 Wheelbarrow
25:15 Pikeman
26:03 Squires
26:52 Scale Mail Armor
27:13 Hand Cart
28:11 Chain Mail Armor
33:09 Imperial Age
34:01 Man-at-Arms
36:22 Long Swordsman
41:22 Stone Mining
41:31 Legionary
44:43 Ballistas
47:00 Halberdier
48:34 Heavy Scorpion
51:36 Caravan
51:47 Guilds
52:07 Coinage
54:57 Gold Shaft Mining
54:55 Elite Centurion
62:08 Banking
kelvin1999
14:07 Feudal Age
15:21 Wheelbarrow
14:30 Horse Collar
14:41 Gold Mining
14:43 Stone Mining
14:41 Double-Bit Axe
21:03 Castle Age
22:38 Bow Saw
23:53 Gold Shaft Mining
23:56 Stone Shaft Mining
29:22 Heavy Plow
35:35 Kamandaran
36:22 Crossbowman
44:25 Thumb Ring
46:31 Fletching
46:41 Padded Archer Armor
47:51 Bodkin Arrow
48:35 Leather Archer Armor
54:03 Imperial Age
53:21 Caravan
57:59 Elite War Elephant
LyamNoelenze12
10:26 Feudal Age
13:08 Wheelbarrow
13:23 Horse Collar
13:28 Double-Bit Axe
16:21 Double-Bit Axe
17:43 Gold Mining
19:37 Stone Mining
20:06 Champi Runner
20:32 Arson
25:49 Castle Age
24:09 Scale Mail Armor
26:16 Forging
27:28 Hand Cart
27:16 Heavy Plow
27:26 Bow Saw
27:51 Gold Shaft Mining
27:52 Stone Shaft Mining
27:41 Chain Mail Armor
28:16 Pikeman
28:57 Squires
30:06 Iron Casting
29:42 Town Watch
48:44 Imperial Age
47:08 Elite Skirmisher
49:53 Thumb Ring
54:02 Ballistics
56:45 Chemistry
56:32 Halberdier
60:00 Plate Mail Armor
60:30 Blast Furnace
曾经也是小鲜肉
8:38 Loom
11:08 Feudal Age
13:36 Wheelbarrow
12:46 Town Watch
14:04 Loom
14:34 Double-Bit Axe
15:27 Stone Mining
15:32 Gold Mining
22:13 Castle Age
21:11 Fletching
21:36 Scale Mail Armor
22:15 Pikeman
22:56 Squires
24:14 Bow Saw
24:46 Murder Holes
24:33 Treadmill Crane
25:23 Bodkin Arrow
26:27 Padded Archer Armor
27:19 Elite Skirmisher
33:11 Thumb Ring
33:20 Thumb Ring
35:28 Husbandry
35:39 Bloodlines
42:00 Imperial Age
56:15 Chemistry
60:55 Conscription
66:14 Halberdier
Connection lost

Rejoining the realm…

Still unreachable

The connection could not be restored.

Session expired

The server has moved on; the page needs a fresh start.